 Dungeon Crawl Stone Soup version 0.31.0-11-ge490571c62 (webtiles) character file.

Game seed: 9195595897066325296

25064 Esekla the Thaumaturge (level 13, -10/100 HPs)
             Began as a Vine Stalker Warper on Jan 30, 2024.
             Was a High Priest of Vehumet.
             Mangled by an ironbound frostheart (17 damage)
             ... in an ice cave.
             The game lasted 02:30:23 (16514 turns).

Esekla the Thaumaturge (Vine Stalker Warper)       Turns: 16514, Time: 02:30:23

Health: -10/100    AC: 11    Str: 26    XL:     13   Next: 17%
Magic:  0/33       EV: 13    Int: 19    God:    Vehumet [*****.]
Gold:   852        SH:  9    Dex: 12    Spells: 13/36 levels left

rFire   + . .        a - +3 falchion
rCold   + . .        S - +0 buckler
rNeg    . . .        j - +0 robe
rPois   +            I - +2 hat
rElec   +            e - +0 cloak
rCorr   +            C - +0 pair of gloves
SInv    .            M - +0 pair of boots
Will    +....        G - amulet of Pimeeriu {Reflect rPois Int+2 Dex-3 SH+5} Stlth
                     k - +6 ring of strength
HPRegen 1.16/turn    x - +6 ring of strength
MPRegen 0.23/turn

%: reflection, clarity, guardian spirit
@: berserking, resistant, freezing walls, very quick
A: fangs 3, regeneration 1, magic shield, antimagic bite, no potion heal 2,
hooves 1, iridescent scales 2, clarity, high MP 1, electricity resistance
a: Renounce Religion


You were in an ice cave.
You worshipped Vehumet.
Vehumet was extremely pleased with you.
You visited 4 branches of the dungeon, and saw 14 of its levels.
You also visited: Ice Cave.

You collected 1422 gold pieces.
You spent 570 gold pieces at shops.

Inventory:

Hand Weapons
 a - a +3 falchion (weapon)
 r - a +2 spear of venom
 s - a +2 dagger of holy wrath
 O - a +0 scimitar of flaming
Missiles
 v - 46 poisoned darts (quivered)
 B - 2 boomerangs
 T - a curare-tipped dart
Armour
 e - a +0 cloak (worn)
 j - a +0 robe (worn)
 l - a +0 kite shield
 q - a +0 leather armour of fire resistance
 C - a +0 pair of gloves (worn)
 I - a +2 hat (worn)
 M - a +0 pair of boots (worn)
 S - a +0 buckler (worn)
Magical Staves
 d - a staff of death
Jewellery
 g - a ring of fire
 k - a +6 ring of strength (left hand)
 n - a ring of positive energy
 x - a +6 ring of strength (right hand)
 G - the amulet of Pimeeriu (around neck) {Reflect rPois Int+2 Dex-3 SH+5}
   (You bought it in a shop on level 3 of the Dungeon)

   [amulet of reflection]

   Reflect:   It reflects blocked missile attacks.
   Int+2:     It affects your intelligence (+2).
   Dex-3:     It affects your dexterity (-3).
   rPois:     It protects you from poison SH+5: It affects your SH (+5).
 H - a ring of resist corrosion
Wands
 D - a wand of flame (20)
 J - a wand of mindburst (6)
 L - a wand of digging (2)
Scrolls
 f - 2 scrolls of fog
 i - a scroll of vulnerability {unknown}
 o - a scroll of enchant weapon {unknown}
 p - a scroll of torment
 t - 7 scrolls of teleportation
 y - a scroll of acquirement {unknown}
 A - 2 scrolls of amnesia
 E - a scroll of poison {unknown}
 P - a scroll of enchant armour {unknown}
 Q - a scroll of butterflies {unknown}
 R - a scroll of revelation {unknown}
 U - a scroll of immolation {unknown}
Potions
 b - a potion of haste
 c - a potion of lignification {unknown}
 h - 3 potions of curing
 m - 3 potions of resistance
 u - a potion of invisibility
 w - a potion of enlightenment
 z - 2 potions of attraction
 F - a potion of brilliance
Miscellaneous
 K - a lightning rod (4/4)


   Skills:
 * Level 7.3 Fighting
 + Level 1.6(4.2) Short Blades
 + Level 6.2(6.3) Long Blades
 + Level 1.6 Throwing
 - Level 0.7 Armour
 + Level 4.4 Dodging
 + Level 3.0 Stealth
 + Level 3.2 Shields
 * Level 12.3 Spellcasting
 * Level 5.3 Conjurations
 + Level 5.7 Translocations
 + Level 6.5 Fire Magic
 + Level 6.0 Ice Magic
 * Level 5.1 Air Magic
 + Level 4.4 Alchemy


You had 13 spell levels left.
You knew the following spells:

 Your Spells              Type           Power      Damage    Failure   Level
b - Blink                 Tloc           66%        N/A       1%          2
i - Iskenderun's Mystic   Conj/Tloc      32%        2d8       1%          4
l - Conjure Ball Lightni  Conj/Air       15%        3x3d6     30%         6
n - Ignite Poison         Fire/Alch      32%        N/A       2%          4
o - Scorch                Fire           72%        2d8       1%          2
r - Frozen Ramparts       Ice            68%        1d11      1%          3
v - Mercury Vapours       Alch/Air       58%        N/A       1%          2

Your spell library contained the following spells:

 Spells                   Type           Power      Damage    Failure   Level
 Freeze                   Ice            100%       1d10      1%          1
 Lesser Beckoning         Tloc           66%        N/A       1%          2
 Hailstorm                Conj/Ice       33%        3d8       1%          3
 Teleport Other           Tloc           33%        N/A       1%          3
 Manifold Assault         Tloc           33%        N/A       7%          4
 Vhi's Electric Charge    Tloc/Air       64%        N/A       8%          4
 Call Canine Familiar     Summ           11%        N/A       22%         3
 Sigil of Binding         Hex            11%        N/A       22%         3
 Dimensional Bullseye     Hex/Tloc       11%        N/A       22%         4
 Summon Forest            Summ/Tloc      11%        N/A       52%         5
 Summon Mana Viper        Hex/Summ       11%        N/A       89%         5
 Summon Cactus Giant      Summ           5%         N/A       100%        6


Dungeon Overview and Level Annotations

Branches:
Dungeon (11/15)            Temple (1/1) D:5            Lair (1/5) D:9
    Orc (1/2) D:11          IceCv (1/1)

Altars:
Ashenzari
Cheibriados
Dithmenos
Elyvilon
Fedhas
Gozag
Hepliaklqana
Kikubaaqudgha
Makhleb
Nemelex Xobeh
Okawaru
Qazlal
Ru
Sif Muna
Trog
Uskayaw
Vehumet
Wu Jian
Xom
Yredelemnul
Zin
The Shining One

Shops:
D:1 !   D:3 =

Annotations:
D:1 dig 4 treasure
D:2 1 runed translucent door, Crazy Yiuf
D:9 1 runed translucent door, browni3141's ghost, novice MiFi IceCv exclusion: ice statue


Innate Abilities, Weirdness & Mutations

You have razor-sharp teeth.
Your natural rate of healing is unusually fast.
When hurt, damage is shared between your health and your magic reserves.
Your bite disrupts and absorbs the magic of your enemies.
Potions cannot restore your health.
You have large cloven feet.
You are mostly covered in iridescent scales. (AC +4)
You possess an exceptional clarity of mind.
You have an increased reservoir of magic. (+10% MP)
You are resistant to electric shocks. (rElec)


Message History

The frost grips you!!
You are encased in ice.
Casting: Scorch (safe; 1% risk of failure)
Confirm with . or Enter, or press ? or * to list all spells.
Flames lash the ironbound frostheart.
The ironbound frostheart is burned terribly!
The ironbound frostheart is lightly wounded.
You hear a bellow!
The ironbound frostheart resists.
The wall freezes the ironbound frostheart.
You slash the ironbound frostheart! You bite the ironbound frostheart.
The ironbound frostheart's magic leaks into the air.
You drain its magic.
You feel invigorated.
The ironbound frostheart is heavily wounded.
The ice encasing you melts away.
The wall freezes the yak!
The ironbound frostheart completely resists.
The wall freezes the ironbound frostheart but does no damage.
The ironbound frostheart touches you! The ironbound frostheart freezes you!!
You feel protected.
The wall freezes the yak!
The polar bear resists.
The wall freezes the polar bear.
The ironbound frostheart resists.
The wall freezes the ironbound frostheart.
The ironbound frostheart touches you but does no damage.
You barely miss the ironbound frostheart.
You bite the ironbound frostheart, but do no damage.
The ironbound frostheart is heavily wounded.
The wall freezes the yak.
The wall freezes the ironbound frostheart but does no damage.
The ironbound frostheart touches you!
* * * LOW HITPOINT WARNING * * *
The ironbound frostheart freezes you! You resist.
* * * LOW HITPOINT WARNING * * *
A red film seems to cover your vision as you go berserk!
You feel yourself moving faster!
You feel mighty!
The wall freezes the yak.
The wall freezes the polar bear but does no damage.
The ironbound frostheart resists.
The wall freezes the ironbound frostheart.
The ironbound frostheart touches you!!
You die... ##Yh# hphh ..Y# kh.

h.##
..# #Y#
##p#
#@##
#.##
#..#
##.#
##.#
###.##
##.#.#
#....#
##.#.##


You could see an ironbound frostheart (combustible, magic disrupted) and a yak.

Vanquished Creatures
  7 two-headed ogres
  A deep elf pyromancer (D:9)
  An ugly thing (IceCv)
  A manticore (D:11)
  An elephant (D:9)
  A kobold blastminer (Orc:1)
  A cane toad (Lair:1)
  A rime drake (IceCv)
  2 ice devils (Lair:1)
  An efreet (D:9)
  A komodo dragon (D:11)
  3 trolls
  7 polar bears (IceCv)
  2 raiju
  A hornet (D:9)
  Grinder (D:4)
  A wraith (D:10)
  2 vampires (D:11)
  39 yaks
  A wyvern (D:10)
  A warg (Orc:1)
  2 vampire mosquitoes (D:11)
  A steam dragon (D:8)
  Menkaure (D:5)
  An acid dragon (D:10)
  5 water moccasins
  Duvessa (D:5)
  3 black bears
  3 orc warriors (D:11)
  4 ice beasts
  3 sky beasts
  2 ogres (Orc:1)
  12 wolves (IceCv)
  3 centaurs
  An elephant zombie (D:6)
  A phantom (D:4)
  7 kobold brigands
  3 bullfrogs
  2 elf zombies (D:6)
  A wyvern zombie (D:8)
  2 scorpions
  5 gnoll sergeants
  19 wights
  Dowan (D:5)
  11 killer bees
  A howler monkey (D:8)
  7 electric eels
  2 bombardier beetles (D:5)
  4 centaur zombies
  2 jellies (D:5)
  2 hounds (D:7)
  2 orc priests (D:8)
  2 gnoll boudas
  2 sleepcaps
  A scorpion zombie (D:6)
  4 iguanas
  12 orc wizards
  A killer bee zombie (D:8)
  2 ogre zombies (D:6)
  4 hound zombies (D:6)
  3 howler monkey zombies (D:6)
  23 gnolls
  7 adders
  2 ufetubi (D:5)
  An adder zombie (D:6)
  A dart slug (D:1)
  2 ribbon worms
  32 orcs
  6 endoplasms
  4 giant cockroaches
  10 goblins
  8 hobgoblins
  23 kobolds
  3 quokkas
  7 ball pythons
  3 bats (D:2)
  4 frilled lizards
  9 rats
366 creatures vanquished.

Notes
Turn   | Place    | Note
-------+----------+-------------------------------------------
     0 | D:1      | Esekla the Vine Stalker Warper began the quest for the Orb.
     0 | D:1      | Reached XP level 1. HP: 11/11 MP: 4/4
   182 | D:2      | Reached XP level 2. HP: 15/15 MP: 6/6
   188 | D:2      | Learned a level 2 spell: Blink
   374 | D:4      | Found a sparkling altar of Nemelex Xobeh.
   452 | D:4      | Noticed a phantom
   462 | D:4      | Killed a phantom
   463 | D:4      | Reached skill level 3 in Spellcasting
   463 | D:4      | Reached XP level 3. HP: 19/19 MP: 6/8
   463 | D:4      | Reached XP level 4. HP: 23/23 MP: 6/9
   518 | D:4      | Learned a level 3 spell: Frozen Ramparts
   658 | D:5      | Entered Level 5 of the Dungeon
   658 | D:5      | Noticed Duvessa
   658 | D:5      | Found a staircase to the Ecumenical Temple.
   662 | D:5      | Noticed Dowan
   664 | D:5      | Noticed an ice beast
   667 | D:5      | Noticed Menkaure
   669 | Temple   | Entered the Ecumenical Temple
   697 | Temple   | Became a worshipper of Vehumet
   923 | D:4      | Noticed a scorpion
  1184 | D:1      | Reached XP level 5. HP: 26/27 MP: 10/10
  1293 | D:1      | Found Luemooq's Distillery.
  1315 | D:1      | Bought a potion of degeneration for 14 gold pieces
  1341 | D:1      | Gained mutation: You are frail. (-10% HP) [potion of
                  | mutation]
  1341 | D:1      | Gained mutation: Your body sometimes deteriorates upon
                  | taking damage. [potion of mutation]
  1341 | D:1      | Gained mutation: Your mind is acute. (Int +4, Str/Dex -1)
                  | [potion of mutation]
  1342 | D:1      | Lost mutation: You are frail. (-10% HP) [potion of
                  | mutation]
  1342 | D:1      | Lost mutation: Your mind is acute. (Int +4, Str/Dex -1)
                  | [potion of mutation]
  1342 | D:1      | Gained mutation: You have sharp fingernails. [potion of
                  | mutation]
  1343 | D:1      | Lost mutation: Your body sometimes deteriorates upon taking
                  | damage. [potion of mutation]
  1343 | D:1      | Lost mutation: You have sharp fingernails. [potion of
                  | mutation]
  1343 | D:1      | Gained mutation: You occasionally lose the ability to read
                  | scrolls when taking damage. [potion of mutation]
  1343 | D:1      | Gained mutation: You are frail. (-10% HP) [potion of
                  | mutation]
  1343 | D:1      | Gained mutation: You have an increased reservoir of magic.
                  | (+10% MP) [potion of mutation]
  1575 | D:2      | Reached * piety under Vehumet
  1575 | D:2      | Offered knowledge of Sting by Vehumet.
  1599 | D:2      | Lost mutation: You occasionally lose the ability to read
                  | scrolls when taking damage. [potion of mutation]
  1599 | D:2      | Lost mutation: You are frail. (-10% HP) [potion of
                  | mutation]
  1599 | D:2      | Gained mutation: You have hidden genetic potential. [potion
                  | of mutation]
  1599 | D:2      | Gained mutation: You have large cloven feet. [potion of
                  | mutation]
  1680 | D:2      | Found a runed translucent door.
  1681 | D:2      | Noticed Crazy Yiuf
  1813 | D:1      | Bought a potion of berserk rage for 70 gold pieces
  2034 | D:2      | Found a faded altar of an unknown god.
  2320 | D:3      | Reached skill level 1 in Throwing
  2520 | D:3      | Found a bloodstained altar of Trog.
  2668 | D:3      | Found Kuerhedo's Jewellery Shoppe.
  3110 | D:4      | Reached skill level 1 in Ice Magic
  3110 | D:4      | Reached XP level 6. HP: 27/32 MP: 4/12
  3244 | D:4      | Gained mutation: You are partially covered in iridescent
                  | scales. (AC +2) [hidden potential]
  3356 | D:5      | Noticed Grinder
  3423 | D:5      | Reached skill level 1 in Stealth
  3653 | D:5      | Killed Menkaure
  3654 | D:5      | Reached XP level 7. HP: 36/36 MP: 14/14
  3671 | D:5      | Gained mutation: You have great hidden genetic potential.
                  | [hidden potential]
  3671 | D:5      | Lost mutation: You have great hidden genetic potential.
                  | [hidden potential expressed]
  3751 | D:5      | Reached ** piety under Vehumet
  3825 | D:5      | Offered knowledge of Scorch by Vehumet.
  3836 | D:5      | Learned a level 2 spell: Scorch
  3952 | D:4      | Paralysed by Grinder for 2 turns
  3957 | D:4      | Paralysed by Grinder for 3 turns
  3960 | D:4      | Killed Grinder
  3961 | D:4      | Reached skill level 1 in Fire Magic
  4306 | D:5      | Reached skill level 4 in Spellcasting
  4306 | D:5      | Gained mutation: You have razor-sharp teeth. [Vine Stalker
                  | growth]
  4306 | D:5      | Reached XP level 8. HP: 42/42 MP: 16/16
  4337 | D:5      | Gained mutation: You are resistant to electric shocks.
                  | (rElec) [hidden potential]
  4390 | D:6      | Found a basalt altar of Yredelemnul.
  4892 | D:6      | You fall into a shaft and drop 3 floors!
  4924 | D:9      | Noticed a two-headed ogre
  4931 | D:8      | Found Qijoss's Antique Armour Shoppe.
  4937 | D:8      | Reached skill level 5 in Spellcasting
  5060 | D:8      | Noticed a yak
  5061 | D:8      | Noticed a yak
  5187 | D:8      | Noticed a two-headed ogre
  5246 | D:8      | Reached XP level 9. HP: 36/46 MP: 8/19
  5330 | D:8      | Offered knowledge of Mercury Vapours by Vehumet.
  5337 | D:8      | Learned a level 2 spell: Mercury Vapours
  5395 | D:8      | Reached skill level 6 in Spellcasting
  5401 | D:8      | Reached skill level 5 in Long Blades
  5401 | D:8      | Reached skill level 1 in Alchemy
  5419 | D:7      | Reached skill level 1 in Air Magic
  5646 | D:7      | Reached *** piety under Vehumet
  6108 | D:6      | Reached skill level 5 in Fighting
  6116 | D:6      | Reached skill level 1 in Short Blades
  6128 | D:6      | Offered knowledge of Iskenderun's Mystic Blast by Vehumet.
  6134 | D:6      | Learned a level 4 spell: Iskenderun's Mystic Blast
  6176 | D:6      | Reached XP level 10. HP: 51/51 MP: 20/23
  6302 | D:1      | Bought a potion of brilliance for 56 gold pieces
  6383 | D:3      | Bought the amulet of Pimeeriu {Reflect rPois Int+2 Dex-3
                  | SH+5} for 430 gold pieces
  6566 | D:5      | Killed Duvessa
  6574 | D:5      | Gained mutation: You have great hidden genetic potential.
                  | [hidden potential]
  6574 | D:5      | Lost mutation: You have great hidden genetic potential.
                  | [hidden potential expressed]
  6597 | D:5      | Reached skill level 7 in Spellcasting
  6601 | D:5      | Killed Dowan
  7020 | D:6      | Reached skill level 5 in Ice Magic
  7148 | D:7      | Reached **** piety under Vehumet
  7275 | D:7      | Reached skill level 8 in Spellcasting
  7280 | D:7      | Reached skill level 1 in Conjurations
  7364 | D:7      | Offered knowledge of Ignite Poison by Vehumet.
  7371 | D:7      | Learned a level 4 spell: Ignite Poison
  8349 | D:8      | Reached XP level 11. HP: 54/56 MP: 21/27
  8571 | D:8      | Gained mutation: You possess an exceptional clarity of
                  | mind. [hidden potential]
  8846 | D:9      | Noticed browni3141's ghost (novice MiFi)
  8860 | D:9      | Found a runed translucent door.
  8869 | D:9      | Noticed a two-headed ogre
  8882 | D:10     | Entered Level 10 of the Dungeon
  8940 | D:10     | Reached skill level 1 in Shields
  9028 | D:10     | Found a hide-covered altar of Uskayaw.
  9045 | D:10     | Reached ***** piety under Vehumet
  9105 | D:9      | Offered knowledge of Conjure Ball Lightning by Vehumet.
  9106 | D:9      | Reached skill level 9 in Spellcasting
  9699 | D:10     | Found an ornate altar of the Wu Jian Council.
  9734 | D:10     | Learned a level 6 spell: Conjure Ball Lightning
  9879 | D:9      | Noticed a two-headed ogre
 10220 | D:9      | Killed a two-headed ogre
 10287 | D:9      | Killed a two-headed ogre
 10645 | D:9      | Found a staircase to the Lair.
 11175 | D:9      | Noticed a two-headed ogre
 11284 | D:9      | Reached skill level 5 in Fire Magic
 11338 | D:9      | Noticed a deep elf pyromancer
 11343 | D:9      | Noticed a two-headed ogre
 11350 | D:9      | Killed a deep elf pyromancer
 11709 | D:9      | Reached skill level 10 in Spellcasting
 12263 | D:9      | Killed a two-headed ogre
 12564 | D:9      | Killed a two-headed ogre
 12565 | D:9      | Reached XP level 12. HP: 62/62 MP: 27/30
 12566 | D:9      | Gained mutation: You are mostly covered in iridescent
                  | scales. (AC +4) [hidden potential]
 12566 | D:9      | Lost mutation: You have hidden genetic potential. [hidden
                  | potential expressed]
 13784 | D:11     | Noticed a two-headed ogre
 13802 | D:11     | Killed a two-headed ogre
 13970 | D:11     | Reached skill level 11 in Spellcasting
 13970 | D:11     | Reached skill level 5 in Translocations
 14613 | D:11     | Found a staircase to the Orcish Mines.
 14809 | D:11     | Killed a two-headed ogre
 14946 | Orc:1    | Entered Level 1 of the Orcish Mines
 15010 | Orc:1    | Noticed a two-headed ogre
 15021 | Orc:1    | Killed a two-headed ogre
 15289 | Lair:1   | Entered Level 1 of the Lair of Beasts
 15565 | Lair:1   | Found a frozen archway.
 15632 | IceCv    | Entered an ice cave
 16009 | IceCv    | Reached skill level 12 in Spellcasting
 16016 | IceCv    | Reached XP level 13. HP: 67/67 MP: 32/32
 16116 | IceCv    | Reached skill level 5 in Conjurations
 16153 | IceCv    | Reached skill level 5 in Air Magic
 16514 | IceCv    | Mangled by an ironbound frostheart

Illustrated notes

Levels and vault maps discovered:
D:1:      amcnicky_arrival_single_pillar, layout_basic, serial_shops,
          nicolae_shop_crystal, due_unseen_surprise
D:2:      kennysheep_the_goblin_king, layout_rooms,
          shapermc_ecumenical_altar_ellora, grunt_ministairs_4,
          uniq_crazy_yiuf_cottage
D:3:      layout_loops_corners, lemuel_crystal_altar, serial_shops,
          nicolae_shop_tiny_real_fake_doors
D:4:      layout_basic, nemelex_diamond_rough_becter
D:5:      layout_gridville, minmay_temple_entry_water_ring, uniq_duvessa,
          uniq_menkaure, uniq_grinder
D:6:      layout_basic, roadster_capsule_ark_zombie
D:7:      layout_loops_ring
D:8:      layout_basic, serial_shops, shop, serial_undead, serial_undead_f,
          serial_undead_f, serial_undead_e, serial_undead_f, serial_undead_a,
          serial_undead_b, nicolae_have_a_lightning_rod
D:9:      layout_basic, david_lair_generic, hellmonk_ghost_big_iron,
          evilmike_minifort
D:10:     layout_basic, nzn_wu_jian_contemplation, lemuel_round_altar
D:11:     layout_basic, kennysheep_orc_monster_closet_entryway,
          corexii_hall_statues_s
Temple:   mainiacjoe_temple_bowtie_tessellation
Lair:1:   layout_chaotic_city, portal_ice_cave_demonic_guard,
          nicolae_lair_lindhole, infiniplex_staircase_pool
Orc:1:    layout_caves
IceCv:    ice_cave_caverns_03

Skill      XL: |  1  2  3  4  5  6  7  8  9 10 11 12 13 |
---------------+----------------------------------------+-----
Long Blades    | 2 3 4 5 6 |  6.2
Fighting       | 2 3 4 5 6 7 |  7.3
Spellcasting   | 3 4 5 6 8 10 12 | 12.3
Dodging        | 2 3 4 |  4.4
Throwing       | 1 |  1.6
Ice Magic      | 1 2 3 4 5 6 |  6.0
Stealth        | 1 2 3 |  3.0
Fire Magic     | 1 3 4 5 6 |  6.5
Alchemy        | 2 3 4 |  4.4
Air Magic      | 1 2 3 4 5 |  5.1
Short Blades   | 1 |  1.6
Translocations | 4 5 |  5.7
Conjurations   | 4 5 |  5.3
Shields        | 2 3 |  3.2
Armour         | |  0.7

Action                     |  1- 3 |  4- 6 |  7- 9 | 10-12 | 13-15 || total
---------------------------+-------+-------+-------+-------+-------++-------
  Melee: Falchion          |    52 |    15 |    20 |   271 |    42 ||   400
         Bite              |    12 |    39 |    70 |   121 |    23 ||   265
         Scimitar          |       |   158 |   117 |       |       ||   275
         Dagger            |       |     1 |    76 |    54 |       ||   131
         Kick              |       |    21 |    75 |    27 |       ||   123
         Punch             |       |     2 |     3 |     2 |       ||     7
  Throw: Dart              |       |    10 |     6 |    15 |     6 ||    37
         Boomerang         |       |       |       |     3 |       ||     3
   Cast: Blink             |       |     2 |     3 |     2 |       ||     7
         Frozen Ramparts   |       |       |    28 |    64 |     9 ||   101
         Scorch            |       |       |    18 |   297 |    26 ||   341
         Mercury Vapours   |       |       |       |    24 |     3 ||    27
         Iskenderun's Myst |       |       |       |     2 |       ||     2
  Evoke: Wand              |       |       |       |     3 |       ||     3
    Use: Scroll            |       |     4 |     3 |     8 |       ||    15
         Potion            |       |     7 |     1 |     2 |     2 ||    12
   Stab: Sleeping          |       |     1 |     3 |     3 |       ||     7
 Armour: Leather armour    |    18 |       |       |       |       ||    18
         Robe              |     4 |   108 |   160 |   363 |    52 ||   687
  Dodge: Dodged            |    24 |   138 |   151 |   310 |    22 ||   645
  Block: Other             |       |       |       |    50 |       ||    50
         Buckler           |       |       |       |   139 |    35 ||   174
         Reflection        |       |       |       |    12 |     1 ||    13
